 Dungeon Crawl Stone Soup version 0.26-a0-519-gb2f46ef (webtiles) character file.

Game seed: 4565890530820890693

18669 DrKleor the Cleaver (level 12, -10/94 HPs)
             Began as a Formicid Fighter on Aug 11, 2020.
             Was the Champion of Cheibriados.
             Mangled by a freezing wraith (20 damage)
             ... led by a death knight
             ... on level 12 of the Dungeon.
             The game lasted 00:40:19 (14363 turns).

DrKleor the Cleaver (Formicid Fighter)             Turns: 14363, Time: 00:40:20

Health: -10/94     AC: 17    Str: 43    XL:     12   Next: 98%
Magic:  20/20      EV:  6    Int: 35    God:    Cheibriados [******]
Gold:   419        SH: 13    Dex: 25    Spells: 11/11 levels left

rFire    + . .     SeeInvis +   b - +2 war axe (freeze)
rCold    . . .     Faith    .   c - +0 kite shield
rNeg     . . .     Spirit   .   Q - +5 plate armour of Rotation {*Drain rElec Str+2 Int+6}
rPois    .         Reflect  .   (helmet unavailable)
rElec    +         Harm     .   (no cloak)
rCorr    .                      m - +0 pair of gloves
MR       +....                  (no boots)
Stlth    ..........             (no amulet)
HPRegen  0.25/turn              B - +6 ring of strength
MPRegen  0.17/turn              D - ring of protection from fire

@: very slow
A: permanent stasis, dig shafts and tunnels, four strong arms, antennae 3
a: Dig, Shaft Self, Bend Time, Temporal Distortion, Slouch, Step From Time,
Renounce Religion


You were on level 12 of the Dungeon.
You worshipped Cheibriados.
Cheibriados was exalted by your worship.
You visited 1 branch of the dungeon, and saw 12 of its levels.

You collected 822 gold pieces.
You spent 403 gold pieces at shops.

Inventory:

Hand Weapons
 b - a +2 war axe of freezing (weapon)
Missiles
 g - 50 poisoned darts (quivered)
 w - a curare-tipped dart
 y - 2 boomerangs
 K - 6 silver javelins
Armour
 c - a +0 kite shield (worn)
 m - a +0 pair of gloves (worn)
 Q - the +5 plate armour of Rotation (worn) {*Drain rElec Str+2 Int+6}
   (You found it on level 12 of the Dungeon)

   It affects your strength (+2).
   It affects your intelligence (+6).
   It insulates you from electricity.
   It causes draining when unequipped.
Jewellery
 B - a +6 ring of strength (left hand)
 D - a ring of protection from fire (right hand)
 M - an uncursed ring of ice
 P - a +6 ring of dexterity {unknown}
Wands
 s - a wand of polymorph (3)
 u - a wand of iceblast (10)
 C - a wand of digging (6)
 E - a wand of flame (21)
 L - a wand of enslavement (10)
Scrolls
 a - a scroll of torment {unknown}
 e - 3 scrolls of magic mapping {unknown}
 f - 9 scrolls of remove curse {unknown}
 h - a scroll of fear {unknown}
 i - 3 scrolls of blinking {unknown}
 j - 4 scrolls of enchant armour {unknown}
 l - 5 scrolls of teleportation {unknown}
 n - a scroll of immolation {unknown}
 o - 2 scrolls of fog {unknown}
 p - a scroll of holy word {unknown}
 v - 5 scrolls of amnesia {unknown}
 x - a scroll of enchant weapon {unknown}
 G - 2 scrolls of vulnerability {unknown}
 N - a scroll of identify
Potions
 d - 3 potions of might
 k - 2 potions of heal wounds
 q - a potion of cancellation
 r - 2 potions of mutation
 t - 9 potions of curing
 z - a potion of lignification
 A - 3 potions of resistance
 F - 2 potions of ambrosia
 H - 3 potions of brilliance {unknown}
 J - 4 potions of flight {unknown}
 O - a potion of stabbing {unknown}


   Skills:
 - Level 8.5 Fighting
 + Level 11.9 Axes
 + Level 11.6 Throwing
 - Level 3.2 Armour
 - Level 3.6 Shields
 + Level 11.2 Invocations


You had 11 spell levels left.
You didn't know any spells.
Your spell library contained the following spells:

 Spells                   Type           Power        Failure   Level
 Animate Skeleton         Necr           #.....       75%         1
 Pain                     Necr           #...         75%         1
 Gell's Gravitas          Tloc           #.........   98%         3
 Portal Projectile        Hex/Tloc       #.....       98%         3
 Vampiric Draining        Necr           #.........   98%         3
 Animate Dead             Necr           #.........   100%        4
 Agony                    Necr           #.......     100%        5
 Dispersal                Tloc           #.........   100%        6
 Disjunction              Tloc           #.........   100%        8
 Controlled Blink         Tloc           Unusable     N/A         8

Dungeon Overview and Level Annotations

Branches:
Dungeon (12/15)            Temple (0/1) D:6            Lair (0/6) D:10
    Orc (0/2) D:9

Altars:
Cheibriados
Dithmenos
Fedhas
Gozag
Kikubaaqudgha
Nemelex Xobeh
Qazlal
Ru
Trog
Vehumet
Wu Jian
Yredelemnul
Zin
The Shining One

Shops:
D:8 *   D:9 !

Annotations:
D:3 1 runed translucent door
D:10 3 runed translucent doors, DrKleor's ghost, novice FoFi


Innate Abilities, Weirdness & Mutations

You cannot be hasted, slowed, berserked, paralysed or teleported.
You can dig through walls and to a lower floor.
Your four strong arms can wield two-handed weapons with a shield.
You have a pair of large antennae on your head. (SInv)


Message History

The freezing wraith is severely damaged.
You hit the freezing wraith.
The freezing wraith is severely damaged.
The freezing wraith hits you! The freezing wraith freezes you!!
You block the freezing wraith's attack.
A death knight comes into view. It is wielding a +4 great sword.
You hit the freezing wraith.
The freezing wraith is almost destroyed.
You block the freezing wraith's attack. The freezing wraith barely misses you.
You hit the freezing wraith.
The freezing wraith is almost destroyed.
The freezing wraith hits you. The freezing wraith freezes you!
* * * LOW HITPOINT WARNING * * *
You block the freezing wraith's attack.
You hit the freezing wraith but do no damage.
The freezing wraith is almost destroyed.
The freezing wraith hits you.
* * * LOW HITPOINT WARNING * * *
The freezing wraith freezes you!!
You die...

### ## ###
####.#
#.######.######
##...##
#..#.........#
...###
#..<.####<..#
..## #..###
##### ###
##/..## #
#.....#
##...@.##
#...#W..#
##..###...(.((
#...# .......
##..## ..(....
#..## ...p...
##..# .......
#..## ...(...
##..# .......


You could see a death knight and a freezing wraith.

Vanquished Creatures
  Fannar (D:9)
  2 hydras
  Erica (D:10)
  A two-headed ogre (D:10)
  3 unseen horrors
  A deep elf mage (D:12)
  A manticore (D:11)
  An elephant (D:10)
  Maggie (D:8)
  3 trolls
  4 slime creatures (D:12)
  5 hippogriffs
  A wraith (D:12)
  Sigmund (D:3)
  10 yaks (D:11)
  2 basilisks (D:10)
  3 water moccasins
  2 wargs (D:9)
  An acid dragon (D:12)
  7 orc warriors
  A black bear (D:8)
  2 sky beasts (D:9)
  A phantom (D:11)
  7 ice beasts
  9 centaurs
  An eye of draining (D:12)
  The ghost of Sun the Ruffian, an amateur DrTm (D:3)
  4 ogres
  2 crocodiles
  A big kobold (D:12)
  6 bullfrogs
  A wyvern skeleton (D:10)
  2 scorpions
  16 killer bees
  A water moccasin skeleton (D:4)
  15 wights
  5 howler monkeys (D:7)
  A bullfrog zombie (D:8)
  8 hounds
  4 centaur skeletons
  5 orc priests
  4 jellies
  A bullfrog skeleton (D:11)
  An iguana (D:5)
  10 orc wizards
  5 worker ants
  A statue (D:9)
  A killer bee zombie (D:8)
  A hound skeleton (D:10)
  3 worker ant zombies
  7 gnolls
  A howler monkey skeleton (D:4)
  12 adders
  4 shadow imps
  4 white imps
  A worker ant simulacrum (D:11)
  An ufetubus (D:9)
  An ooze (D:6)
  6 worms
  2 dart slugs
  2 leopard geckos
  34 orcs
  6 bats
  6 giant cockroaches
  6 goblins
  10 hobgoblins
  9 jackals
  14 kobolds
  6 quokkas
  2 ball pythons
  5 frilled lizards
  A leopard gecko skeleton (D:5)
  9 rats
  A spectral orc (D:4)
321 creatures vanquished.

Notes
Turn   | Place    | Note
-------+----------+-------------------------------------------
     0 | D:1      | DrKleor the Formicid Fighter began the quest for the Orb.
     0 | D:1      | Reached XP level 1. HP: 18/18 MP: 1/1
   130 | D:1      | Reached XP level 2. HP: 24/24 MP: 2/2
   437 | D:1      | Found a glowing golden altar of the Shining One.
   697 | D:2      | Reached XP level 3. HP: 30/30 MP: 3/3
   703 | D:2      | Reached skill level 1 in Throwing
   811 | D:2      | Reached XP level 4. HP: 35/37 MP: 4/4
  1397 | D:2      | Found an ornate altar of the Wu Jian Council.
  2016 | D:3      | You fall into a shaft and drop 1 floor!
  2072 | D:4      | Found an ancient bone altar of Kikubaaqudgha.
  2073 | D:4      | Found a glowing silver altar of Zin.
  2073 | D:4      | Found a snail-covered altar of Cheibriados.
  2076 | D:4      | Found a stormy altar of Qazlal.
  2078 | D:4      | Found a sacrificial altar of Ru.
  2085 | D:4      | Became a worshipper of Cheibriados the Contemplative
  2199 | D:3      | Reached XP level 5. HP: 23/43 MP: 5/5
  2520 | D:3      | Noticed Sigmund
  2549 | D:3      | Killed Sigmund
  2549 | D:3      | Reached skill level 5 in Fighting
  2549 | D:3      | Reached XP level 6. HP: 51/51 MP: 6/6
  2625 | D:3      | Found a runed translucent door.
  2630 | D:3      | Noticed Sun's ghost (amateur DrTm)
  2640 | D:3      | Reached * piety under Cheibriados
  2661 | D:3      | Killed Sun's ghost
  2661 | D:3      | Reached XP level 7. HP: 33/56 MP: 7/7
  2727 | D:3      | Found a runed translucent door.
  3343 | D:4      | Found a basalt altar of Yredelemnul.
  3799 | D:5      | Entered Level 5 of the Dungeon
  3832 | D:5      | Reached skill level 5 in Axes
  3836 | D:5      | Reached XP level 8. HP: 10/64 MP: 8/8
  4056 | D:5      | Reached ** piety under Cheibriados
  4252 | D:5      | Found an ornate altar of the Wu Jian Council.
  4349 | D:5      | Reached skill level 5 in Throwing
  4814 | D:5      | You fall into a shaft and drop 2 floors!
  5036 | D:6      | Reached XP level 9. HP: 70/72 MP: 9/9
  5259 | D:6      | Reached *** piety under Cheibriados
  5323 | D:6      | Found a staircase to the Ecumenical Temple.
  6014 | D:7      | Found an opulent altar of Gozag.
  6258 | D:7      | Noticed a moth of wrath
  6263 | D:7      | Found a bloodstained altar of Trog.
  6563 | D:8      | Reached **** piety under Cheibriados
  6605 | D:8      | Reached skill level 1 in Invocations
  7000 | D:8      | Noticed a hippogriff
  7008 | D:8      | Killed a hippogriff
  7008 | D:8      | Reached XP level 10. HP: 63/82 MP: 10/12
  7218 | D:8      | Noticed Maggie
  7236 | D:8      | Killed Maggie
  7298 | D:8      | Found Dunguits's General Store.
  7306 | D:8      | Bought a scroll of identify for 22 gold pieces
  7306 | D:8      | Bought a potion of curing for 33 gold pieces
  7362 | D:8      | Found a blossoming altar of Fedhas.
  7457 | D:8      | Reached ***** piety under Cheibriados
  8238 | D:9      | Reached skill level 5 in Invocations
  8366 | D:9      | Found Xogotrem's Distillery.
  8374 | D:9      | Bought a potion of ambrosia for 96 gold pieces
  8374 | D:9      | Bought a potion of resistance for 120 gold pieces
  8374 | D:9      | Bought a potion of mutation for 96 gold pieces
  8374 | D:9      | Bought a potion of curing for 36 gold pieces
  8459 | D:9      | Found a staircase to the Orcish Mines.
  9260 | D:9      | Found a radiant altar of Vehumet.
  9494 | D:9      | Found a shadowy altar of Dithmenos.
  9726 | D:9      | Found a sparkling altar of Nemelex Xobeh.
  9727 | D:9      | Found an opulent altar of Gozag.
  9792 | D:9      | Found an ornate altar of the Wu Jian Council.
  9859 | D:10     | Entered Level 10 of the Dungeon
  9869 | D:10     | Found a runed translucent gate.
  9870 | D:10     | Found a runed translucent gate.
  9870 | D:10     | Found a runed translucent gate.
  9872 | D:10     | Noticed DrKleor's ghost (novice FoFi)
  9874 | D:10     | Noticed a freezing wraith
  9887 | D:10     | Noticed a two-headed ogre
  9895 | D:10     | Killed a two-headed ogre
  9895 | D:10     | Reached XP level 11. HP: 87/87 MP: 15/15
  9923 | D:10     | Noticed an unseen horror
  9933 | D:10     | Killed an unseen horror
 10106 | D:10     | Noticed an elephant
 10171 | D:10     | Killed an elephant
 10171 | D:10     | Reached skill level 10 in Axes
 10510 | D:10     | Found a staircase to the Lair.
 10553 | D:10     | Noticed Fannar
 10556 | D:10     | Noticed Erica
 10566 | D:9      | Killed Fannar
 10773 | D:10     | Killed Erica
 10773 | D:10     | Reached skill level 10 in Throwing
 11113 | D:10     | Noticed a six-headed hydra
 11115 | D:10     | Killed a six-headed hydra
 11407 | D:11     | Reached XP level 12. HP: 54/94 MP: 18/18
 11715 | D:11     | Reached ****** piety under Cheibriados
 11822 | D:11     | Noticed an unseen horror
 11830 | D:11     | Killed an unseen horror
 12277 | D:11     | Noticed a five-headed hydra
 12280 | D:11     | Killed a five-headed hydra
 12280 | D:11     | Reached skill level 10 in Invocations
 13898 | D:12     | Got an ancient plate armour
 13909 | D:12     | Identified the +5 plate armour of Rotation {*Drain rElec
                  | Str+2 Int+6} (You found it on level 12 of the Dungeon)
 13949 | D:12     | Noticed an unseen horror
 13953 | D:12     | Killed an unseen horror
 14360 | D:12     | Noticed a death knight
 14363 | D:12     | Mangled by a freezing wraith

Illustrated notes

Levels and vault maps discovered:
D:1:      wander_arrival_estate, layout_rooms, serial_curves, eino_curves_04,
          eino_curves_01, eino_curves_03, tso_altar
D:2:      layout_basic, nicolae_overflow_hidden_temple, feat_on_display
D:3:      layout_basic, ebering_ghost_sewer_f, minmay_diced_spiral, uniq_sigmund
D:4:      layout_gridville, yredelemnul_forgotten_temple_becter,
          grunt_temple_overflow_open, serial_bayou_pond_b
D:5:      layout_loops_ring, basic_altar
D:6:      layout_basic, minmay_temple_entry_antechambers, serial_glass,
          glass_columns_b, glass_columns_a, glass_columns_a, glass_columns_a,
          glass_columns_a, glass_columns_a
D:7:      layout_rooms, tgw_trog, nicolae_gozag_seed_capital
D:8:      layout_loops_ring, fedhas_ov_isle_minmay, serial_shops, shop,
          st_stairs_3, uniq_maggie
D:9:      layout_layer_cave, grunt_temple_overflow_opulence, vehumet_statue,
          nicolae_dithmenos_through_a_glass_darkly, erik_orc_4, serial_shops,
          shop, basic_altar
D:10:     layout_basic, david_lair_generic, gammafunk_ghost_spectres,
          uniq_erica, uniq_fannar
D:11:     minmay_distorted_concentric_squares, layout_basic
D:12:     layout_cave_pods

Skill      XL: |  1  2  3  4  5  6  7  8  9 10 11 12 |
---------------+-------------------------------------+-----
Fighting       | 4 5 6 7 8 |  8.5
Throwing       | 1 2 3 4 5 7 9 10 11 | 11.6
Axes           | 3 4 5 6 7 9 10 11 | 11.9
Invocations    | 2 6 9 11 | 11.2
Armour         | |  3.2
Shields        | |  3.6

Action                   |  1- 3 |  4- 6 |  7- 9 | 10-12 || total
-------------------------+-------+-------+-------+-------++-------
Melee: War axe           |    57 |   113 |   146 |   429 ||   745
       Hand axe          |       |       |   136 |    22 ||   158
Throw: Dart              |     8 |    55 |    66 |    84 ||   213
       Boomerang         |       |       |     8 |     7 ||    15
       Javelin           |       |       |       |     4 ||     4
Invok: Temporal Distorti |       |       |     1 |       ||     1
 Abil: Dig               |       |       |     2 |     3 ||     5
  Use: Scroll            |       |       |       |     5 ||     5
       Potion            |       |       |       |     1 ||     1
 Stab: Distracted        |       |       |     1 |     1 ||     2
Armor: Scale mail        |    36 |    53 |    59 |       ||   148
       Skin              |       |     8 |       |       ||     8
       Plate armour      |       |       |    45 |   200 ||   245
Dodge: Dodged            |    15 |    36 |    75 |    83 ||   209
Block: Kite shield       |    16 |    60 |   178 |   280 ||   534

Table legend: (Time is in decaauts)
 A = Elapsed time spent in this place.
 B = Non-inter-level travel time spent in this place.
 C = Inter-level travel time spent in this place.
 D = Time resting spent in this place.
 E = Time spent auto-exploring this place.
 F = Levels seen in this place.
 G = Mean time per level.
                   A        B        C        D        E       F      G
               +--------+--------+--------+--------+--------+-----+--------+
         Total |  18840 |  18493 |    347 |   4617 |  11059 |  12 | 1570.0 |
       Dungeon |  18840 |  18493 |    347 |   4617 |  11059 |  12 | 1570.0 |
               +--------+--------+--------+--------+--------+-----+--------+

Top non-repeatable levels by time:
     D:9: 2826 daAuts
    D:11: 2470 daAuts
     D:8: 2084 daAuts
    D:12: 1984 daAuts
    D:10: 1619 daAuts
     D:5: 1414 daAuts
     D:3: 1407 daAuts
     D:2: 1304 daAuts
     D:7: 1122 daAuts
     D:6: 1055 daAuts
     D:4: 840 daAuts
     D:1: 710 daAuts
